 Dungeon Crawl Stone Soup version 0.31.0-11-ge490571c62 (webtiles) character file.

Game seed: 3024930555852515127

67 huskten the Covered (level 4, -1/5 HPs)
             Began as a Minotaur Fighter on Feb 8, 2024.
             Slain by a goblin
             ... wielding a +0 club
             ... led by Robin
              (2 damage)
             ... on level 3 of the Dungeon.
             The game lasted 00:06:48 (950 turns).

huskten the Covered (Minotaur Fighter)               Turns: 950, Time: 00:06:49

Health: -1/5       AC:  7    Str: 23    XL:     4   Next: 0%
Magic:  3/3        EV: 11    Int:  5    God:
Gold:   76         SH:  4    Dex:  9    Spells: 3/3 levels left

rFire   . . .        a - +0 trident
rCold   . . .        c - +0 buckler
rNeg    + . .        b - melded +0 scale mail
rPois   ∞            (helmet restricted)
rElec   +            (no cloak)
rCorr   .            (gloves currently unavailable)
SInv    .            (boots currently unavailable)
Will    .....        (no amulet)
Stlth   +            (no ring)
HPRegen 0.20/turn    (no ring)
MPRegen 0.08/turn

%: no passive effects
@: mighty, statue-form, very slow
A: slow and powerful, torment resistance 1, reduced hp, horns 2, retaliatory
headbutt
a: Begin Untransformation


You were on level 3 of the Dungeon.
You were a living statue of rough stone.
You visited 1 branch of the dungeon, and saw 3 of its levels.

You collected 76 gold pieces.

Inventory:

Hand Weapons
 a - a +0 trident (weapon)
 f - a +0 club
 m - a +0 long sword
 n - a +0 mace
Missiles
 h - 11 poisoned darts (quivered)
Armour
 b - a +0 scale mail (melded)
 c - a +0 buckler (worn)
 g - a +0 robe
 i - a +0 leather armour
 j - a +0 ring mail
Talismans
 l - a granite talisman (active)
Scrolls
 k - a scroll of fear {unknown}
 o - a scroll of identify {unknown}
 q - a scroll of butterflies {unknown}
Potions
 d - a potion of might
 e - a potion of curing {unknown}
 p - a potion of brilliance {unknown}


   Skills:
 + Level 4.2 Fighting
 + Level 3.2 Polearms
 + Level 4.6 Armour
 + Level 0.2 Dodging
 + Level 4.1 Shields


You had 3 spell levels left.
You didn't know any spells.
Your spell library was empty.

Dungeon Overview and Level Annotations

Branches:
Dungeon (3/15)

Altars:

Shops:
D:2 !

Annotations:
D:3 Robin


Innate Abilities, Weirdness & Mutations

You are a living statue of rough stone.
Your actions are slow, but your melee attacks are powerful.
You are resistant to unholy torment.
Your maximum health is decreased, since you lack skill for your form.
Your equipment is partially melded.
You are immune to poison.
You have a pair of horns on your head.
You reflexively headbutt those who attack you in melee.


Message History

You block the goblin's attack.
You continue transforming.
The goblin hits you with a +0 club.
* * * LOW HITPOINT WARNING * * *
The hobgoblin closely misses you.
The ice beast hits you but does no damage.
You block the goblin's attack.
You continue transforming.
The goblin hits you with a +0 club.
* * * LOW HITPOINT WARNING * * *
The hobgoblin hits you but does no damage.
The ice beast hits you but does no damage.
The goblin hits you but does no damage.
You turn into a living statue of rough stone.
Your +0 scale mail melds into your body.
HP restored.
You feel very mighty all of a sudden. You block the goblin's attack.
The hobgoblin hits you.
The ice beast hits you but does no damage.
You block the goblin's attack. The goblin hits you with a +0 club.
Ouch! That really hurt!
* * * LOW HITPOINT WARNING * * *
The hobgoblin closely misses you.
The ice beast hits you but does no damage.
The goblin closely misses you. You furiously retaliate!
You headbutt the goblin!!
You kill the goblin!
You have reached level 4!
You feel stronger.
You are too injured to fight recklessly!
Unknown command.
You are too injured to fight recklessly!
You are too injured to fight recklessly!
You are too injured to fight recklessly!
You impale the goblin!!
You kill the goblin!
The hobgoblin misses you.
The ice beast hits you but does no damage.
Robin throws the goblin at you! The goblin hits you with a +0 club.
You die...

..# # #.# .# #.#
##'## ..# ##...## #.
#.###.....##
#..###.##.......##
##....Yg#g........##.
......g8g.........'..
##...####)........##.
... ##.......## #.
######.....## #.
#.........## #.
#.######†## #. #.#
#.# #. #.######.#####
#. #.##.........#


You could see an ice beast, Robin, 2 hobgoblins and a goblin (strong).

Vanquished Creatures
  4 adders
  A dart slug (D:1)
  A ball python (D:3)
  2 endoplasms (D:1)
  A giant cockroach (D:1)
  5 goblins
  4 hobgoblins
  5 jackals
  A bat (D:1)
  2 kobolds (D:2)
  A rat (D:2)
27 creatures vanquished.

Notes
Turn   | Place    | Note
-------+----------+-------------------------------------------
     0 | D:1      | huskten the Minotaur Fighter began the quest for the Orb.
     0 | D:1      | Reached XP level 1. HP: 19/19 MP: 0/0
    52 | D:1      | You fall into a shaft and drop 1 floor!
   218 | D:1      | Reached XP level 2. HP: 27/27 MP: 1/1
   474 | D:2      | Found a faded altar of an unknown god.
   593 | D:2      | Reached XP level 3. HP: 33/33 MP: 2/2
   645 | D:2      | Found Piqas's Distillery.
   929 | D:3      | Noticed Robin
   937 | D:3      | Noticed an ice beast
   950 | D:3      | Reached XP level 4. HP: 1/40 MP: 3/3
   950 | D:3      | Slain by a goblin

Illustrated notes

Levels and vault maps discovered:
D:1:      minmay_arrival_checkered_box, layout_basic, nicolae_the_louvre
D:2:      layout_loops_cross, dreamdust_ecumenical_altar_grove, serial_shops,
          nicolae_shop_hallway_stairs, kennysheep_generic_room_4
D:3:      layout_loops_corners, minmay_stone_trees_small, st_stairs_9,
          minmay_misc_feat_room, uniq_robin

Skill      XL: |  1  2  3 |
---------------+----------+-----
Armour         | 4 |  4.6
Fighting       | 4 |  4.2
Polearms       | 3 |  3.2
Shields        | 4 |  4.1
Dodging        | |  0.2

Action                     |  1- 3 |  4- 6 || total
---------------------------+-------+-------++-------
  Melee: Trident           |    81 |     1 ||    82
         Headbutt          |    13 |       ||    13
    Use: Potion            |     1 |       ||     1
 Armour: Scale mail        |    54 |       ||    54
         Skin              |     4 |     3 ||     7
  Dodge: Dodged            |    46 |     1 ||    47
  Block: Buckler           |    22 |       ||    22
   Form: Statue            |     1 |       ||     1
